Sharks vs Blues

Created - January 21, 2017 at 10:10

Goals
1 2 3 OT1 SO T
Sharks 2 1 1 0 1 5
Blues 4 0 0 0 0 4
Shots
1 2 3 OT1 SO T
Sharks 14 5 3 0 3 22
Blues 14 12 12 2 3 40

1st period

1. Blues , Cal Clutterbuck 17 (Chris Wideman, Tanner Glass) at 0:50
2. Blues , Joakim Andersson 2 (Tanner Glass, Cal Clutterbuck) at 2:15
3. Blues , Chris Wideman 2 (Jiri Hudler, Jussi Jokinen) at 13:52
4. Sharks , Sam Reinhart 18 (Anze Kopitar, Andrej Sustr) at 14:46 (PP)
5. Blues , Clarke MacArthur 8 (Rick Nash, Johnny Boychuk) at 15:48
6. Sharks , Anze Kopitar 16 (Charlie Coyle) at 19:51

Penalties :
Tanner Glass (STL) for Cross-checking (Minor) at 14:10, Chris Wideman (STL) for Interference (Minor) at 17:49

2nd period

7. Sharks , Charlie Coyle 21 (Robert Bortuzzo) at 6:02

Penalties :
Marc Staal (SJS) for High sticking (Minor) at 0:34

3rd period

8. Sharks , Sam Reinhart 19 (Anze Kopitar, Nikolay Kulemin) at 12:31

Penalties :
Marc Staal (SJS) for Hooking (Minor) at 2:33, Mark Borowiecki (STL) for Slashing (Minor) at 10:13, Michael Raffl (STL) for Hooking (Minor) at 17:21, Andrew Shaw (SJS) for Holding Stick (Minor) at 19:34

Overtime #1

No Goal

Penalties :
No Penalty

Shootout

Penalty Shot by Anze Kopitar for Sharks - Goal!
Penalty Shot by Cal Clutterbuck for Blues - Shot Misses the Net
Penalty Shot by Nick Bjugstad for Sharks - Stopped by Karri Ramo
Penalty Shot by Rick Nash for Blues - Stopped by Ryan Miller
Penalty Shot by Charlie Coyle for Sharks - Shot Misses the Net
Penalty Shot by Jussi Jokinen for Blues - Stopped by Ryan Miller

Penalties :
No Penalty

Goalie Stats

Anton Khudobin (SJS), 9 saves from 13 shots - (0.692), 15:48 minutes
Ryan Miller (SJS), 27 saves from 27 shots - (1.000), W, 10-18-3, 49:12 minutes
Karri Ramo (STL), 18 saves from 22 shots - (0.818), OTL, 7-11-3, 65:00 minutes

Players Stats for Sharks

Player Name              G  A  P  +/- PIM S  H  SB GA TA FO     MP     PP MP  PK MP  
------------------------------------------------------------------------------------
Andrej Sustr             0  1  1  -1  0   1  1  3  0  0  0/0    24:49   3:06   1:52 
Andrew Shaw              0  0  0  -3  2   2  1  0  0  0  2/2    19:20   1:19   1:10 
Anze Kopitar             1  2  3   1  0   6  0  0  0  0  15/23  20:37   2:42   0:14 
Brenden Dillon           0  0  0   1  0   0  3  1  0  0  0/0    22:11   0:38   3:07 
Brooks Laich             0  0  0  -1  0   0  0  0  0  0  2/4     7:52   0:00   1:32 
Charlie Coyle            1  1  2   1  0   2  2  1  0  0  0/0    19:57   2:42   0:00 
Dave Bolland             0  0  0  -1  0   1  1  1  0  0  7/14   10:45   0:00   4:25 
Henrik Zetterberg        0  0  0   1  0   2  1  1  0  0  1/1    20:29   2:32   0:00 
Justin Falk              0  0  0  -1  0   0  0  4  0  0  0/0    19:52   2:49   2:50 
Ladislav Smid            0  0  0   0  0   0  0  0  0  0  0/0     0:00   0:00   0:00 
Marc Staal               0  0  0   0  4   0  1  2  0  0  0/0    20:40   0:18   0:50 
Martin Havlat            0  0  0  -2  0   1  0  0  0  0  0/0    11:17   0:45   0:00 
Nick Bjugstad            0  0  0  -2  0   0  1  0  0  0  9/14   14:23   3:51   0:00 
Nikolay Kulemin          0  1  1   1  0   2  1  0  0  0  2/2    19:21   0:34   2:59 
Robert Bortuzzo          0  1  1  -1  0   0  8  2  0  0  0/0    19:10   2:49   2:50 
Ryan Nugent-Hopkins      0  0  0   1  0   1  0  0  0  0  17/26  19:38   2:32   0:00 
Sam Reinhart             2  0  2   1  0   3  0  0  0  0  0/0    20:23   2:42   0:00 
Seth Jones               0  0  0   0  0   1  0  0  0  0  0/0    23:16   3:26   0:25 

Players Stats for Blues

Player Name              G  A  P  +/- PIM S  H  SB GA TA FO     MP     PP MP  PK MP  
------------------------------------------------------------------------------------
Adam Cracknell           0  0  0  -1  0   4  0  0  0  0  5/9     9:34   0:00   1:38 
Cal Clutterbuck          1  1  2   0  0   6  2  0  0  0  1/5    14:39   2:18   0:00 
Chris Wideman            1  1  2   0  2   1  1  1  0  0  0/0    16:36   0:00   0:13 
Clarke MacArthur         1  0  1   1  0   1  0  0  0  0  1/3    16:52   0:00   0:40 
Jakub Kindl              0  0  0   0  0   1  2  1  0  0  0/0    16:11   0:00   0:19 
Jay Bouwmeester          0  0  0   2  0   1  1  1  0  0  0/0    27:49   2:43   4:06 
Jiri Hudler              0  1  1   1  0   3  0  1  0  0  3/8    20:16   2:05   3:51 
Joakim Andersson         1  0  1   0  0   1  0  1  0  0  5/15   13:30   0:00   0:00 
Johnny Boychuk           0  1  1   2  0   2  8  3  0  0  0/0    27:48   2:43   4:05 
Jussi Jokinen            0  1  1   1  0   5  1  0  0  0  11/24  18:40   2:05   1:54 
Mark Borowiecki          0  0  0  -1  2   1  4  2  0  0  0/0    19:28   1:40   1:31 
Matt Carle               0  0  0  -1  0   0  0  1  0  0  0/0    22:06   1:40   2:52 
Michael Raffl            0  0  0   1  2   1  2  0  0  0  0/2    18:02   2:05   1:17 
Nick Cousins             0  0  0   1  0   4  2  0  0  0  3/16   19:53   2:18   0:00 
R.J. Umberger            0  0  0  -1  0   3  0  0  0  0  0/0     7:56   0:00   0:00 
Rick Nash                0  1  1   1  0   5  1  0  0  0  1/3    23:47   2:18   3:46 
Rob Klinkhammer          0  0  0  -1  0   0  0  0  0  0  0/0     7:56   0:00   0:00 
Tanner Glass             0  2  2   0  2   1  3  0  0  0  1/1    12:20   0:00   0:00 

3 Stars

1 - Sam Reinhart (SJS)
2 - Anze Kopitar (SJS)
3 - Johnny Boychuk (STL)

Power Play

Sharks - 1 on 4 Attempt(s) - 25.00%
Blues - 0 on 3 Attempt(s) - 0.00%

Penalty Kill

Sharks - 3 on 3 Attempt(s) - 100.00% - Score 0 goal in Penalty Kill
Blues - 3 on 4 Attempt(s) - 75.00% - Score 0 goal in Penalty Kill

Team Stat

Sharks - Hits : 20 - Faceoff Wins : 55 - Blocked Shots : 15 - Penalty Minutes : 6
Blues - Hits : 27 - Faceoff Wins : 31 - Blocked Shots : 11 - Penalty Minutes : 8

Official

Referees : Kevin Pollock and Trevor Hanson
Linesman : Derek Amell and Scott Cherrey

Game Notes

Ryan Miller enters game at 15:48 of 1st period

Finance

Level 1 -- Attendance: 6500 (100.00%) -- Ticket Income $656,500
Level 2 -- Attendance: 3992 (79.84%) -- Ticket Income $339,320
Level 3 -- Attendance: 3239 (92.54%) -- Ticket Income $194,340
Level 4 -- Attendance: 1984 (62.98%) -- Ticket Income $89,280
Luxury Box -- Attendance: 997 (99.70%) -- Ticket Income $199,400
Game was played at the Scottrade Center.
Total Attendance: 16712 (87.27%)
Total Ticket Income: $1,478,840
Other Income: $221,826
Total Income: $1,700,666

% Time on Ice - Sharks

Lines # - Real PCT - Wanted PCT - Time Play
Normal Forward
1 - 32% - 31% - 15:48
2 - 33% - 31% - 16:24
3 - 21% - 25% - 10:32
4 - 13% - 13% - 6:20
Normal Defense
1 - 36% - 37% - 17:32
2 - 37% - 37% - 18:01
3 - 26% - 26% - 12:43
4 - 2% - 0% - 0:48
PP Forward
1 - 41% - 60% - 2:42
2 - 59% - 40% - 3:51
PP Defense
1 - 52% - 60% - 3:26
2 - 48% - 40% - 3:07
PK Forward
1 - 73% - 60% - 3:13
2 - 27% - 40% - 1:10
PK Defense
1 - 61% - 60% - 2:40
2 - 39% - 40% - 1:43
PK3 Forward
1 - 77% - 60% - 1:12
2 - 23% - 40% - 0:22
PK3 Defense
1 - 29% - 60% - 0:27
2 - 71% - 40% - 1:07
44 Forward
1 - 0% - 60%
2 - 0% - 40%
44 Defense
1 - 0% - 60%
2 - 0% - 40%
Last Minute Offensive  - 0:00
Last Minute Defensive  - 0:00
Total
Forward - 61:34
Defense - 61:34

% Time on Ice - Blues

Lines # - Real PCT - Wanted PCT - Time Play
Normal Forward
1 - 33% - 33% - 16:12
2 - 26% - 27% - 12:35
3 - 25% - 24% - 12:21
4 - 16% - 16% - 7:56
Normal Defense
1 - 36% - 35% - 17:26
2 - 32% - 33% - 15:34
3 - 30% - 32% - 14:43
4 - 3% - 0% - 1:21
PP Forward
1 - 52% - 60% - 2:18
2 - 48% - 40% - 2:05
PP Defense
1 - 62% - 60% - 2:43
2 - 38% - 40% - 1:40
PK Forward
1 - 71% - 60% - 4:39
2 - 29% - 40% - 1:54
PK Defense
1 - 56% - 60% - 3:42
2 - 44% - 40% - 2:51
PK3 Forward
1 - 0% - 60%
2 - 0% - 40%
PK3 Defense
1 - 0% - 60%
2 - 0% - 40%
44 Forward
1 - 77% - 60% - 1:12
2 - 23% - 40% - 0:22
44 Defense
1 - 53% - 60% - 0:50
2 - 47% - 40% - 0:44
Last Minute Offensive  - 0:00
Last Minute Defensive  - 0:00
Total
Forward - 61:34
Defense - 61:34

Play by Play

1st period


0:01 of 1st period - Nick Cousins wins face-off versus Anze Kopitar in neutral zone.
0:07 of 1st period - Rick Nash is hit by Brenden Dillon and loses puck.
0:28 of 1st period - Shot by Nick Cousins.
0:28 of 1st period - Stopped by Anton Khudobin without a rebound.
0:29 of 1st period - Jussi Jokinen wins face-off versus Ryan Nugent-Hopkins in Sharks zone.
0:34 of 1st period - Shot by Jiri Hudler.
0:34 of 1st period - Shot Misses the Net.
0:36 of 1st period - Shot by Jussi Jokinen.
0:36 of 1st period - Stopped by Anton Khudobin without a rebound.
0:37 of 1st period - Joakim Andersson wins face-off versus Nick Bjugstad in Sharks zone.
0:39 of 1st period - Cal Clutterbuck is hit by Robert Bortuzzo and loses puck.
0:50 of 1st period - Shot by Cal Clutterbuck.
0:50 of 1st period - Goal by Cal Clutterbuck - Sharks : 0 - Blues : 1.
0:51 of 1st period - Ryan Nugent-Hopkins wins face-off versus Adam Cracknell in neutral zone.
1:06 of 1st period - Shot by R.J. Umberger.
1:06 of 1st period - Shot Misses the Net.
1:10 of 1st period - Shot by R.J. Umberger.
1:10 of 1st period - Shot Blocked by Andrej Sustr.
1:12 of 1st period - Shot by Adam Cracknell.
1:12 of 1st period - Stopped by Anton Khudobin without a rebound.
1:13 of 1st period - Jussi Jokinen wins face-off versus Dave Bolland in Sharks zone.
1:30 of 1st period - Shot by Jiri Hudler.
1:30 of 1st period - Deflect By Jussi Jokinen.
1:30 of 1st period - Shot Misses the Net.
1:32 of 1st period - Shot by Michael Raffl.
1:32 of 1st period - Deflect By Jiri Hudler.
1:32 of 1st period - Shot Misses the Net.
1:34 of 1st period - Shot by Jussi Jokinen.
1:34 of 1st period - Shot Misses the Net.
1:41 of 1st period - Michael Raffl is hit by Robert Bortuzzo and loses puck.
1:53 of 1st period - Jussi Jokinen is hit by Robert Bortuzzo.
2:09 of 1st period - Shot by Cal Clutterbuck.
2:09 of 1st period - Shot Blocked by Dave Bolland.
2:11 of 1st period - Shot by Johnny Boychuk.
2:11 of 1st period - Shot Blocked by Robert Bortuzzo.
2:13 of 1st period - Shot by Cal Clutterbuck.
2:13 of 1st period - Stopped by Anton Khudobin with a rebound.
2:15 of 1st period - Shot by Tanner Glass.
2:15 of 1st period - Deflect By Joakim Andersson.
2:15 of 1st period - Goal by Joakim Andersson - Sharks : 0 - Blues : 2.
2:16 of 1st period - Anze Kopitar wins face-off versus Nick Cousins in neutral zone.
2:24 of 1st period - Off-side.
2:25 of 1st period - Ryan Nugent-Hopkins wins face-off versus Joakim Andersson in neutral zone.
2:30 of 1st period - Shot by Henrik Zetterberg.
2:30 of 1st period - Stopped by Karri Ramo without a rebound.
2:31 of 1st period - Ryan Nugent-Hopkins wins face-off versus Nick Cousins in Blues zone.
2:46 of 1st period - Shot by Ryan Nugent-Hopkins.
2:46 of 1st period - Shot Misses the Net.
2:56 of 1st period - Henrik Zetterberg is hit by Mark Borowiecki and loses puck.
4:32 of 1st period - Icing by Chris Wideman.
4:33 of 1st period - Nick Bjugstad wins face-off versus Adam Cracknell in Blues zone.
5:08 of 1st period - R.J. Umberger is hit by Robert Bortuzzo and loses puck.
5:50 of 1st period - Shot by Ryan Nugent-Hopkins.
5:50 of 1st period - Deflect By Henrik Zetterberg.
5:50 of 1st period - Stopped by Karri Ramo without a rebound.
5:51 of 1st period - Jussi Jokinen wins face-off versus Dave Bolland in Blues zone.
6:02 of 1st period - Shot by Jussi Jokinen.
6:02 of 1st period - Stopped by Anton Khudobin without a rebound.
6:03 of 1st period - Anze Kopitar wins face-off versus Nick Cousins in Sharks zone.
6:12 of 1st period - Shot by Sam Reinhart.
6:12 of 1st period - Shot Blocked by Johnny Boychuk.
6:16 of 1st period - Shot by Andrej Sustr.
6:16 of 1st period - Stopped by Karri Ramo without a rebound.
6:17 of 1st period - Jussi Jokinen wins face-off versus Ryan Nugent-Hopkins in Blues zone.
6:17 of 1st period - Michael Raffl is hit by Henrik Zetterberg.
6:52 of 1st period - Jussi Jokinen is hit by Robert Bortuzzo and loses puck.
7:06 of 1st period - Icing by Justin Falk.
7:07 of 1st period - Ryan Nugent-Hopkins wins face-off versus Nick Cousins in Sharks zone.
7:45 of 1st period - Icing by Nick Bjugstad.
7:46 of 1st period - Nick Bjugstad wins face-off versus Joakim Andersson in Sharks zone.
7:54 of 1st period - Brenden Dillon is hit by Jakub Kindl and loses puck.
7:58 of 1st period - Martin Havlat is hit by Jakub Kindl and loses puck.
8:17 of 1st period - Shot by Nick Bjugstad.
8:17 of 1st period - Deflect By Martin Havlat.
8:17 of 1st period - Stopped by Karri Ramo without a rebound.
8:18 of 1st period - Anze Kopitar wins face-off versus Jussi Jokinen in Blues zone.
8:29 of 1st period - Anze Kopitar is hit by Michael Raffl and loses puck.
8:40 of 1st period - Shot by Jussi Jokinen.
8:40 of 1st period - Stopped by Anton Khudobin without a rebound.
8:41 of 1st period - Ryan Nugent-Hopkins wins face-off versus Nick Cousins in Sharks zone.
9:53 of 1st period - Shot by Sam Reinhart.
9:53 of 1st period - Deflect By Anze Kopitar.
9:53 of 1st period - Stopped by Karri Ramo without a rebound.
9:54 of 1st period - Jussi Jokinen wins face-off versus Nick Bjugstad in Blues zone.
10:15 of 1st period - Shot by Michael Raffl.
10:15 of 1st period - Shot Blocked by Robert Bortuzzo.
10:33 of 1st period - Shot by Jussi Jokinen.
10:33 of 1st period - Shot Misses the Net.
10:47 of 1st period - Shot by Cal Clutterbuck.
10:47 of 1st period - Stopped by Anton Khudobin without a rebound.
10:48 of 1st period - Anze Kopitar wins face-off versus Joakim Andersson in Sharks zone.
11:10 of 1st period - Shot by Anze Kopitar.
11:10 of 1st period - Stopped by Karri Ramo with a rebound.
11:12 of 1st period - Shot by Anze Kopitar.
11:12 of 1st period - Stopped by Karri Ramo without a rebound.
11:13 of 1st period - Ryan Nugent-Hopkins wins face-off versus Adam Cracknell in Blues zone.
12:01 of 1st period - Jay Bouwmeester is hit by Brenden Dillon and loses puck.
12:22 of 1st period - Icing by R.J. Umberger.
12:23 of 1st period - Adam Cracknell wins face-off versus Anze Kopitar in Blues zone.
13:15 of 1st period - Shot by Rick Nash.
13:15 of 1st period - Shot Blocked by Justin Falk.
13:50 of 1st period - Shot by Jiri Hudler.
13:50 of 1st period - Stopped by Anton Khudobin with a rebound.
13:52 of 1st period - Shot by Chris Wideman.
13:52 of 1st period - Goal by Chris Wideman - Sharks : 0 - Blues : 3.
13:53 of 1st period - Ryan Nugent-Hopkins wins face-off versus Joakim Andersson in neutral zone.
13:59 of 1st period - Icing by Seth Jones.
14:00 of 1st period - Joakim Andersson wins face-off versus Ryan Nugent-Hopkins in Sharks zone.
14:09 of 1st period - Shot by Joakim Andersson.
14:09 of 1st period - Shot Misses the Net.
14:10 of 1st period - Minor Penalty to Tanner Glass for Cross-checking.
14:11 of 1st period - Anze Kopitar wins face-off versus Jiri Hudler in Blues zone.
14:12 of 1st period - Shot by Sam Reinhart.
14:12 of 1st period - Stopped by Karri Ramo with a rebound.
14:20 of 1st period - Shot by Seth Jones.
14:20 of 1st period - Stopped by Karri Ramo with a rebound.
14:22 of 1st period - Shot by Seth Jones.
14:22 of 1st period - Shot Blocked by Jiri Hudler.
14:24 of 1st period - Shot by Anze Kopitar.
14:24 of 1st period - Stopped by Karri Ramo without a rebound.
14:25 of 1st period - Jiri Hudler wins face-off versus Ryan Nugent-Hopkins in Blues zone.
14:35 of 1st period - Off-side.
14:36 of 1st period - Jiri Hudler wins face-off versus Anze Kopitar in neutral zone.
14:46 of 1st period - Shot by Sam Reinhart.
14:46 of 1st period - Goal by Sam Reinhart - Sharks : 1 - Blues : 3.
14:47 of 1st period - Dave Bolland wins face-off versus Joakim Andersson in neutral zone.
14:58 of 1st period - Shot by Andrew Shaw.
14:58 of 1st period - Stopped by Karri Ramo with a rebound.
15:22 of 1st period - Shot by Cal Clutterbuck.
15:22 of 1st period - Shot Misses the Net.
15:24 of 1st period - Shot by Jakub Kindl.
15:24 of 1st period - Stopped by Anton Khudobin with a rebound.
15:46 of 1st period - Shot by Rick Nash.
15:46 of 1st period - Shot Misses the Net.
15:48 of 1st period - Shot by Clarke MacArthur.
15:48 of 1st period - Goal by Clarke MacArthur - Sharks : 1 - Blues : 4.
15:48 of 1st period - Ryan Miller enters game.
15:49 of 1st period - Anze Kopitar wins face-off versus Michael Raffl in neutral zone.
16:02 of 1st period - Shot by Nikolay Kulemin.
16:02 of 1st period - Stopped by Karri Ramo without a rebound.
16:03 of 1st period - Ryan Nugent-Hopkins wins face-off versus Nick Cousins in Blues zone.
16:09 of 1st period - Charlie Coyle is hit by Johnny Boychuk and loses puck.
16:33 of 1st period - Ryan Nugent-Hopkins is hit by Johnny Boychuk and loses puck.
17:45 of 1st period - Sam Reinhart is hit by Tanner Glass and loses puck.
17:49 of 1st period - Minor Penalty to Chris Wideman for Interference.
17:50 of 1st period - Rick Nash wins face-off versus Ryan Nugent-Hopkins in Blues zone.
17:50 of 1st period - Rick Nash is hit by Nick Bjugstad.
19:51 of 1st period - Shot by Anze Kopitar.
19:51 of 1st period - Goal by Anze Kopitar - Sharks : 2 - Blues : 4.
19:52 of 1st period - Joakim Andersson wins face-off versus Brooks Laich in neutral zone.
19:57 of 1st period - Shot by Cal Clutterbuck.
19:57 of 1st period - Stopped by Ryan Miller with a rebound.
Goals for this period are 2 for Sharks vs 4 for Blues.
Shots for this period are 14 for Sharks vs 14 for Blues.

2nd period


0:01 of 2nd period - Nick Cousins wins face-off versus Nick Bjugstad in neutral zone.
0:01 of 2nd period - Jay Bouwmeester is hit by Andrew Shaw and loses puck.
0:21 of 2nd period - Marc Staal is hit by Johnny Boychuk.
0:34 of 2nd period - Minor Penalty to Marc Staal for High sticking.
0:35 of 2nd period - Jussi Jokinen wins face-off versus Dave Bolland in Sharks zone.
0:36 of 2nd period - Shot by Jiri Hudler.
0:36 of 2nd period - Shot Blocked by Justin Falk.
0:38 of 2nd period - Shot by Michael Raffl.
0:38 of 2nd period - Stopped by Ryan Miller without a rebound.
0:39 of 2nd period - Jussi Jokinen wins face-off versus Dave Bolland in Sharks zone.
0:46 of 2nd period - Shot by Mark Borowiecki.
0:46 of 2nd period - Stopped by Ryan Miller without a rebound.
0:47 of 2nd period - Dave Bolland wins face-off versus Cal Clutterbuck in Sharks zone.
1:10 of 2nd period - Shot by Nikolay Kulemin.
1:10 of 2nd period - Stopped by Karri Ramo without a rebound.
1:11 of 2nd period - Nikolay Kulemin wins face-off versus Jussi Jokinen in Blues zone.
1:16 of 2nd period - Shot by Dave Bolland.
1:16 of 2nd period - Stopped by Karri Ramo with a rebound.
1:30 of 2nd period - Shot by Matt Carle.
1:30 of 2nd period - Shot Blocked by Justin Falk.
1:38 of 2nd period - Shot by Jussi Jokinen.
1:38 of 2nd period - Stopped by Ryan Miller without a rebound.
1:39 of 2nd period - Brooks Laich wins face-off versus Cal Clutterbuck in Sharks zone.
1:51 of 2nd period - Off-side.
1:52 of 2nd period - Dave Bolland wins face-off versus Cal Clutterbuck in neutral zone.
2:47 of 2nd period - Shot by Adam Cracknell.
2:47 of 2nd period - Stopped by Ryan Miller without a rebound.
2:48 of 2nd period - Jiri Hudler wins face-off versus Nick Bjugstad in Sharks zone.
2:54 of 2nd period - Icing by Brenden Dillon.
2:55 of 2nd period - Jussi Jokinen wins face-off versus Nick Bjugstad in Sharks zone.
3:00 of 2nd period - Shot by Jussi Jokinen.
3:00 of 2nd period - Shot Blocked by Brenden Dillon.
3:36 of 2nd period - Andrew Shaw is hit by Chris Wideman and loses puck.
3:57 of 2nd period - Shot by Nick Cousins.
3:57 of 2nd period - Stopped by Ryan Miller with a rebound.
3:59 of 2nd period - Shot by Rick Nash.
3:59 of 2nd period - Stopped by Ryan Miller without a rebound.
4:00 of 2nd period - Ryan Nugent-Hopkins wins face-off versus Joakim Andersson in Sharks zone.
4:00 of 2nd period - Ryan Nugent-Hopkins is hit by Tanner Glass.
4:08 of 2nd period - Shot by Ryan Nugent-Hopkins.
4:08 of 2nd period - Stopped by Karri Ramo without a rebound.
4:09 of 2nd period - Nick Cousins wins face-off versus Anze Kopitar in Blues zone.
4:13 of 2nd period - Icing by Rick Nash.
4:14 of 2nd period - Anze Kopitar wins face-off versus Nick Cousins in Blues zone.
5:13 of 2nd period - Shot by Andrew Shaw.
5:13 of 2nd period - Shot Misses the Net.
5:18 of 2nd period - Icing by Rick Nash.
5:19 of 2nd period - Clarke MacArthur wins face-off versus Ryan Nugent-Hopkins in Blues zone.
5:19 of 2nd period - Clarke MacArthur is hit by Charlie Coyle.
5:44 of 2nd period - Ryan Nugent-Hopkins is hit by Mark Borowiecki and loses puck.
6:02 of 2nd period - Shot by Charlie Coyle.
6:02 of 2nd period - Goal by Charlie Coyle - Sharks : 3 - Blues : 4.
6:03 of 2nd period - Andrew Shaw wins face-off versus Jussi Jokinen in neutral zone.
6:11 of 2nd period - Jiri Hudler is hit by Brenden Dillon and loses puck.
6:44 of 2nd period - Shot by Andrew Shaw.
6:44 of 2nd period - Deflect By Nick Bjugstad.
6:44 of 2nd period - Shot Misses the Net.
6:59 of 2nd period - Icing by Marc Staal.
7:00 of 2nd period - Anze Kopitar wins face-off versus Joakim Andersson in Sharks zone.
7:20 of 2nd period - Shot by Joakim Andersson.
7:20 of 2nd period - Shot Misses the Net.
7:53 of 2nd period - Icing by Anze Kopitar.
7:54 of 2nd period - Adam Cracknell wins face-off versus Anze Kopitar in Sharks zone.
8:01 of 2nd period - Shot by R.J. Umberger.
8:01 of 2nd period - Stopped by Ryan Miller with a rebound.
9:22 of 2nd period - Shot by Clarke MacArthur.
9:22 of 2nd period - Shot Blocked by Justin Falk.
9:33 of 2nd period - Icing by Clarke MacArthur.
9:34 of 2nd period - Nick Bjugstad wins face-off versus Nick Cousins in Blues zone.
10:01 of 2nd period - Shot by Andrew Shaw.
10:01 of 2nd period - Shot Blocked by Chris Wideman.
10:16 of 2nd period - Icing by Rick Nash.
10:17 of 2nd period - Ryan Nugent-Hopkins wins face-off versus Nick Cousins in Blues zone.
11:20 of 2nd period - Off-side.
11:21 of 2nd period - Nick Bjugstad wins face-off versus Jussi Jokinen in neutral zone.
11:34 of 2nd period - Shot by Jiri Hudler.
11:34 of 2nd period - Stopped by Ryan Miller without a rebound.
11:35 of 2nd period - Anze Kopitar wins face-off versus Joakim Andersson in Sharks zone.
11:37 of 2nd period - Sam Reinhart is hit by Cal Clutterbuck and loses puck.
11:47 of 2nd period - Shot by Tanner Glass.
11:47 of 2nd period - Shot Misses the Net.
11:55 of 2nd period - Shot by Cal Clutterbuck.
11:55 of 2nd period - Stopped by Ryan Miller without a rebound.
11:56 of 2nd period - Nick Bjugstad wins face-off versus Jussi Jokinen in Sharks zone.
12:13 of 2nd period - Shot by Jussi Jokinen.
12:13 of 2nd period - Stopped by Ryan Miller without a rebound.
12:14 of 2nd period - Joakim Andersson wins face-off versus Anze Kopitar in Sharks zone.
12:29 of 2nd period - Nikolay Kulemin is hit by Tanner Glass and loses puck.
13:24 of 2nd period - Andrew Shaw is hit by Michael Raffl and loses puck.
13:31 of 2nd period - Shot by Jiri Hudler.
13:31 of 2nd period - Stopped by Ryan Miller without a rebound.
13:32 of 2nd period - Adam Cracknell wins face-off versus Ryan Nugent-Hopkins in Sharks zone.
13:32 of 2nd period - Adam Cracknell is hit by Robert Bortuzzo.
13:36 of 2nd period - Shot by Rob Klinkhammer.
13:36 of 2nd period - Shot Misses the Net.
13:38 of 2nd period - Shot by Adam Cracknell.
13:38 of 2nd period - Stopped by Ryan Miller with a rebound.
14:04 of 2nd period - Shot by Henrik Zetterberg.
14:04 of 2nd period - Shot Blocked by Jay Bouwmeester.
14:35 of 2nd period - Off-side.
14:36 of 2nd period - Jussi Jokinen wins face-off versus Dave Bolland in neutral zone.
14:39 of 2nd period - Andrej Sustr is hit by Jussi Jokinen and loses puck.
15:18 of 2nd period - Shot by Jussi Jokinen.
15:18 of 2nd period - Deflect By Jiri Hudler.
15:18 of 2nd period - Shot Misses the Net.
16:25 of 2nd period - Jay Bouwmeester is hit by Robert Bortuzzo and loses puck.
16:37 of 2nd period - Charlie Coyle is hit by Johnny Boychuk and loses puck.
16:46 of 2nd period - Shot by Henrik Zetterberg.
16:46 of 2nd period - Shot Misses the Net.
16:51 of 2nd period - Ryan Nugent-Hopkins is hit by Johnny Boychuk.
17:02 of 2nd period - Icing by Jay Bouwmeester.
17:03 of 2nd period - Nick Bjugstad wins face-off versus Nick Cousins in Blues zone.
17:05 of 2nd period - Martin Havlat is hit by Johnny Boychuk and loses puck.
17:13 of 2nd period - Nick Bjugstad is hit by Johnny Boychuk and loses puck.
17:22 of 2nd period - Shot by Andrew Shaw.
17:22 of 2nd period - Stopped by Karri Ramo without a rebound.
17:23 of 2nd period - Jussi Jokinen wins face-off versus Anze Kopitar in Blues zone.
18:26 of 2nd period - Matt Carle is hit by Andrej Sustr and loses puck.
18:51 of 2nd period - Shot by Andrew Shaw.
18:51 of 2nd period - Shot Blocked by Joakim Andersson.
19:00 of 2nd period - Joakim Andersson is hit by Marc Staal.
19:54 of 2nd period - Charlie Coyle is hit by Jay Bouwmeester and loses puck.
Goals for this period are 1 for Sharks vs 0 for Blues.
Shots for this period are 5 for Sharks vs 12 for Blues.

3rd period


0:01 of 3rd period - Anze Kopitar wins face-off versus Clarke MacArthur in neutral zone.
0:04 of 3rd period - Shot by Anze Kopitar.
0:04 of 3rd period - Shot Blocked by Mark Borowiecki.
0:06 of 3rd period - Shot by Seth Jones.
0:06 of 3rd period - Shot Misses the Net.
0:30 of 3rd period - Shot by Sam Reinhart.
0:30 of 3rd period - Shot Blocked by Mark Borowiecki.
0:32 of 3rd period - Shot by Anze Kopitar.
0:32 of 3rd period - Stopped by Karri Ramo without a rebound.
0:33 of 3rd period - Ryan Nugent-Hopkins wins face-off versus Jussi Jokinen in Blues zone.
0:33 of 3rd period - Henrik Zetterberg is hit by Johnny Boychuk and loses puck.
0:57 of 3rd period - Shot by Jiri Hudler.
0:57 of 3rd period - Shot Blocked by Andrej Sustr.
0:59 of 3rd period - Shot by Johnny Boychuk.
0:59 of 3rd period - Shot Blocked by Henrik Zetterberg.
1:01 of 3rd period - Shot by Johnny Boychuk.
1:01 of 3rd period - Stopped by Ryan Miller without a rebound.
1:02 of 3rd period - Nick Bjugstad wins face-off versus Joakim Andersson in Sharks zone.
1:08 of 3rd period - Off-side.
1:09 of 3rd period - Anze Kopitar wins face-off versus Rick Nash in neutral zone.
1:09 of 3rd period - Sam Reinhart is hit by Nick Cousins and loses puck.
2:33 of 3rd period - Minor Penalty to Marc Staal for Hooking.
2:34 of 3rd period - Nikolay Kulemin wins face-off versus Jussi Jokinen in Sharks zone.
3:00 of 3rd period - Mark Borowiecki is hit by Dave Bolland and loses puck.
3:40 of 3rd period - Icing by Johnny Boychuk.
3:41 of 3rd period - Cal Clutterbuck wins face-off versus Brooks Laich in Blues zone.
3:56 of 3rd period - Nick Cousins is hit by Robert Bortuzzo.
3:58 of 3rd period - Shot by Johnny Boychuk.
3:58 of 3rd period - Stopped by Ryan Miller with a rebound.
4:00 of 3rd period - Shot by Rick Nash.
4:00 of 3rd period - Stopped by Ryan Miller with a rebound.
4:02 of 3rd period - Shot by Jay Bouwmeester.
4:02 of 3rd period - Stopped by Ryan Miller without a rebound.
4:03 of 3rd period - Dave Bolland wins face-off versus Cal Clutterbuck in Sharks zone.
4:03 of 3rd period - Dave Bolland is hit by Cal Clutterbuck.
5:20 of 3rd period - Icing by Marc Staal.
5:21 of 3rd period - Ryan Nugent-Hopkins wins face-off versus Jussi Jokinen in Sharks zone.
5:25 of 3rd period - Icing by Henrik Zetterberg.
5:26 of 3rd period - Ryan Nugent-Hopkins wins face-off versus Jussi Jokinen in Sharks zone.
6:40 of 3rd period - Icing by Mark Borowiecki.
6:41 of 3rd period - Dave Bolland wins face-off versus Clarke MacArthur in Blues zone.
6:45 of 3rd period - Icing by Mark Borowiecki.
6:46 of 3rd period - Ryan Nugent-Hopkins wins face-off versus Nick Cousins in Blues zone.
6:59 of 3rd period - Shot by Nick Cousins.
6:59 of 3rd period - Stopped by Ryan Miller without a rebound.
7:00 of 3rd period - Tanner Glass wins face-off versus Dave Bolland in Sharks zone.
7:01 of 3rd period - Shot by Cal Clutterbuck.
7:01 of 3rd period - Stopped by Ryan Miller with a rebound.
7:03 of 3rd period - Shot by Cal Clutterbuck.
7:03 of 3rd period - Shot Blocked by Marc Staal.
7:05 of 3rd period - Shot by Tanner Glass.
7:05 of 3rd period - Shot Blocked by Andrej Sustr.
7:07 of 3rd period - Shot by Tanner Glass.
7:07 of 3rd period - Stopped by Ryan Miller with a rebound.
8:25 of 3rd period - Off-side.
8:26 of 3rd period - Ryan Nugent-Hopkins wins face-off versus Jussi Jokinen in neutral zone.
8:41 of 3rd period - Icing by Robert Bortuzzo.
8:42 of 3rd period - Adam Cracknell wins face-off versus Ryan Nugent-Hopkins in Sharks zone.
9:01 of 3rd period - Shot by Adam Cracknell.
9:01 of 3rd period - Stopped by Ryan Miller without a rebound.
9:02 of 3rd period - Anze Kopitar wins face-off versus Nick Cousins in Sharks zone.
9:15 of 3rd period - Shot by Nick Cousins.
9:15 of 3rd period - Stopped by Ryan Miller without a rebound.
9:16 of 3rd period - Ryan Nugent-Hopkins wins face-off versus Joakim Andersson in Sharks zone.
9:52 of 3rd period - Off-side.
9:53 of 3rd period - Nick Bjugstad wins face-off versus Nick Cousins in neutral zone.
10:13 of 3rd period - Minor Penalty to Mark Borowiecki for Slashing.
10:14 of 3rd period - Anze Kopitar wins face-off versus Jiri Hudler in Blues zone.
10:17 of 3rd period - Shot by Anze Kopitar.
10:17 of 3rd period - Shot Blocked by Johnny Boychuk.
10:26 of 3rd period - Icing by Charlie Coyle.
10:27 of 3rd period - Anze Kopitar wins face-off versus Jiri Hudler in Sharks zone.
10:34 of 3rd period - Shot by Sam Reinhart.
10:34 of 3rd period - Shot Blocked by Johnny Boychuk.
10:58 of 3rd period - Shot by Charlie Coyle.
10:58 of 3rd period - Stopped by Karri Ramo without a rebound.
10:59 of 3rd period - Ryan Nugent-Hopkins wins face-off versus Jiri Hudler in Blues zone.
11:20 of 3rd period - Shot by Ryan Nugent-Hopkins.
11:20 of 3rd period - Shot Blocked by Matt Carle.
11:42 of 3rd period - Ryan Nugent-Hopkins is hit by Rick Nash and loses puck.
12:31 of 3rd period - Shot by Sam Reinhart.
12:31 of 3rd period - Goal by Sam Reinhart - Sharks : 4 - Blues : 4.
12:32 of 3rd period - Joakim Andersson wins face-off versus Dave Bolland in neutral zone.
14:17 of 3rd period - Andrej Sustr is hit by Mark Borowiecki and loses puck.
14:24 of 3rd period - Shot by Nick Cousins.
14:24 of 3rd period - Shot Blocked by Marc Staal.
14:26 of 3rd period - Shot by Rick Nash.
14:26 of 3rd period - Stopped by Ryan Miller with a rebound.
14:28 of 3rd period - Shot by Rick Nash.
14:28 of 3rd period - Shot Blocked by Charlie Coyle.
14:30 of 3rd period - Shot by Clarke MacArthur.
14:30 of 3rd period - Shot Misses the Net.
14:41 of 3rd period - Marc Staal is hit by Mark Borowiecki and loses puck.
15:10 of 3rd period - Jussi Jokinen is hit by Charlie Coyle and loses puck.
16:09 of 3rd period - Shot by R.J. Umberger.
16:09 of 3rd period - Stopped by Ryan Miller without a rebound.
16:10 of 3rd period - Anze Kopitar wins face-off versus Rick Nash in Sharks zone.
16:10 of 3rd period - Anze Kopitar is hit by Nick Cousins.
16:20 of 3rd period - Shot by Sam Reinhart.
16:20 of 3rd period - Shot Misses the Net.
16:44 of 3rd period - Johnny Boychuk is hit by Nikolay Kulemin and loses puck.
17:18 of 3rd period - Shot by Adam Cracknell.
17:18 of 3rd period - Shot Misses the Net.
17:20 of 3rd period - Shot by R.J. Umberger.
17:20 of 3rd period - Stopped by Ryan Miller without a rebound.
17:21 of 3rd period - Nick Bjugstad wins face-off versus Jussi Jokinen in Sharks zone.
17:21 of 3rd period - Minor Penalty to Michael Raffl for Hooking.
17:22 of 3rd period - Andrew Shaw wins face-off versus Jiri Hudler in Blues zone.
18:15 of 3rd period - Icing by Brenden Dillon.
18:16 of 3rd period - Adam Cracknell wins face-off versus Anze Kopitar in Sharks zone.
18:26 of 3rd period - Off-side.
18:27 of 3rd period - Henrik Zetterberg wins face-off versus Adam Cracknell in neutral zone.
19:16 of 3rd period - Shot by Sam Reinhart.
19:16 of 3rd period - Shot Misses the Net.
19:34 of 3rd period - Minor Penalty to Andrew Shaw for Holding Stick.
19:35 of 3rd period - Dave Bolland wins face-off versus Michael Raffl in Sharks zone.
Goals for this period are 1 for Sharks vs 0 for Blues.
Shots for this period are 3 for Sharks vs 12 for Blues.

Overtime #1


0:01 of 1st overtime period - Dave Bolland wins face-off versus Jussi Jokinen in neutral zone.
1:11 of 1st overtime period - Shot by Rick Nash.
1:11 of 1st overtime period - Stopped by Ryan Miller without a rebound.
1:12 of 1st overtime period - Brooks Laich wins face-off versus Jussi Jokinen in Sharks zone.
2:08 of 1st overtime period - Shot by Jiri Hudler.
2:08 of 1st overtime period - Shot Misses the Net.
2:18 of 1st overtime period - Shot by Sam Reinhart.
2:18 of 1st overtime period - Shot Blocked by Jakub Kindl.
2:34 of 1st overtime period - Shot by Rick Nash.
2:34 of 1st overtime period - Stopped by Ryan Miller without a rebound.
2:35 of 1st overtime period - Jussi Jokinen wins face-off versus Ryan Nugent-Hopkins in Sharks zone.
Goals for this period are 0 for Sharks vs 0 for Blues.
Shots for this period are 0 for Sharks vs 2 for Blues.

ShootOut


5:00 of 1st overtime period - Penalty Shot by Anze Kopitar for Sharks.
5:00 of 1st overtime period - Goal by Anze Kopitar.
5:00 of 1st overtime period - Penalty Shot by Cal Clutterbuck for Blues.
5:00 of 1st overtime period - Shot Misses the Net.
5:00 of 1st overtime period - Penalty Shot by Nick Bjugstad for Sharks.
5:00 of 1st overtime period - Stopped by Karri Ramo.
5:00 of 1st overtime period - Penalty Shot by Rick Nash for Blues.
5:00 of 1st overtime period - Stopped by Ryan Miller.
5:00 of 1st overtime period - Penalty Shot by Charlie Coyle for Sharks.
5:00 of 1st overtime period - Shot Misses the Net.
5:00 of 1st overtime period - Penalty Shot by Jussi Jokinen for Blues.
5:00 of 1st overtime period - Stopped by Ryan Miller.